 Dungeon Crawl Stone Soup version 0.26.1-11-gd32895ea62 (webtiles) character file.

Game seed: 6967992266614752421

102 vvl the Changer (level 4, -5/35 HPs)
             Began as a Draconian Transmuter on June 18, 2021.
             Killed by divine providence
             ... invoked by an orc priest
              (13 damage)
             ... on level 3 of the Dungeon.
             The game lasted 00:06:19 (2681 turns).

vvl the Changer (Draconian Transmuter)              Turns: 2681, Time: 00:06:20

Health: -5/35      AC:  6    Str: 13    XL:     4   Next: 50%
Magic:  7/7        EV: 12    Int: 13    God:
Gold:   116        SH:  0    Dex: 12    Spells: 3/7 levels left

rFire    . . .     SeeInvis .   c - +0 short sword
rCold    . . .     Faith    .   (no shield)
rNeg     + . .     Spirit   .   (armour unavailable)
rPois    .         Reflect  .   (helmet restricted)
rElec    .         Harm     .   (no cloak)
rCorr    .         Rampage  .   b - +0 pair of gloves
Will     .....                  (no boots)
Stlth    ..........             (no amulet)
HPRegen  0.11/turn              g - ring of attention (curse)
MPRegen  0.10/turn              e - ring of positive energy

@: no status effects
A: unfitting armour, cold-blooded, AC +5
a: no special abilities


You were on level 3 of the Dungeon.
You visited 1 branch of the dungeon, and saw 3 of its levels.

You collected 116 gold pieces.

Inventory:

Hand Weapons
 c - a +0 short sword (weapon)
Armour
 b - a +0 pair of gloves (worn)
Jewellery
 e - a ring of positive energy (right hand)
 g - a cursed ring of attention (left hand)
 i - an uncursed amulet of faith
Scrolls
 a - 3 scrolls of enchant weapon
 d - a scroll of teleportation {unknown}
 f - a scroll of immolation {unknown}
 j - a scroll of enchant armour
 k - 2 scrolls of amnesia
Potions
 l - a potion of ambrosia {unknown}


   Skills:
 - Level 1.1 Fighting
 - Level 1.7 Dodging
 - Level 3.0 Unarmed Combat
 - Level 2.0 Spellcasting
 + Level 4.8 Transmutations


You had 3 spell levels left.
You knew the following spells:

 Your Spells              Type           Power        Failure   Level
a - Beastly Appendage     Tmut           26%          3%          1
b - Spider Form           Tmut/Pois      3%           28%         3

Your spell library contained the following spells:

 Spells                   Type           Power        Failure   Level
 Wereblood                Tmut           13%          5%          2
 Ice Form                 Ice/Tmut       7%           67%         4
 Blade Hands              Tmut           6%           67%         5


Dungeon Overview and Level Annotations

Branches:
Dungeon (3/15)

Altars:
Ashenzari
Ru
Yredelemnul


Innate Abilities, Weirdness & Mutations

Your plain brown scales are hard. (AC +5)
You cannot fit into any form of body armour.
You are cold-blooded and may be slowed by cold attacks.


Message History

The rat bites you but does no damage.
An orc comes into view. It is wielding a +0 war axe.
You hit the rat.
You kill the rat!
The orc priest mumbles some strange prayers to Beogh against you.
Beogh smites you!
You hear a shout!
An orc comes into view.
The orc shouts!
An orc comes into view. It is wielding a +0 falchion.
The orc shouts!
The orc priest misses you.
You closely miss the orc priest.
Unknown command.
The orc priest calls down the wrath of Beogh upon you.
Beogh smites you!
* * * LOW HITPOINT WARNING * * *
The orc priest calls down the wrath of Beogh upon you.
Beogh smites you!
You die...

#######........####
...>..............#
########.....#....##
# #.....###...# #
#.......##.### ##
#.......##.# .#
#.......##.# .#
##.....###.#
.########...## #@#
......# ###.#
......# #...#
[.....##### ##o###
........... #.o#
......## #.##.##
##########..o.##.#
#......oo....#
..####.##.......


You could see an orc priest and 4 orcs.

Vanquished Creatures
  Jessica (D:3)
  3 adders (D:2)
  A worm (D:3)
  2 dart slugs (D:2)
  A ball python (D:2)
  3 giant cockroaches
  2 gnoll zombies (D:2)
  4 hobgoblins
  4 jackals (D:2)
  6 kobolds
  2 bats (D:1)
  3 frilled lizards
  4 goblins
  7 rats
43 creatures vanquished.

Vanquished Creatures (others)
  5 toadstools (D:1)
5 creatures vanquished.

Grand Total: 48 creatures vanquished

Notes
Turn   | Place    | Note
-------+----------+-------------------------------------------
     0 | D:1      | vvl the Draconian Transmuter began the quest for the Orb.
     0 | D:1      | Reached XP level 1. HP: 16/16 MP: 3/3
   713 | D:2      | Reached XP level 2. HP: 20/23 MP: 5/5
   809 | D:2      | Reached skill level 3 in Transmutations
  1306 | D:2      | Found a sacrificial altar of Ru.
  1345 | D:2      | Reached XP level 3. HP: 10/28 MP: 6/6
  1769 | D:2      | Reached skill level 4 in Transmutations
  1897 | D:2      | Found a basalt altar of Yredelemnul.
  2380 | D:3      | Reached XP level 4. HP: 28/35 MP: 5/7
  2384 | D:3      | Learned a level 3 spell: Spider Form
  2561 | D:3      | Noticed Jessica
  2570 | D:3      | Killed Jessica
  2622 | D:3      | Found a broken altar of Ashenzari.
  2681 | D:3      | Killed from afar by an orc priest

Illustrated notes

Levels and vault maps discovered:
D:1:      ldierk_walled_garden, layout_basic
D:2:      layout_basic, lemuel_zombie_altar_yredelemnul, nicolae_ru_awakened_eye
D:3:      layout_rooms, ashenzari_altar_1, uniq_jessica

Skill      XL: |  1  2  3 |
---------------+----------+-----
Transmutations | 3 4 |  4.8
Fighting       | |  1.1
Dodging        | |  1.7
Unarmed Combat | |  3.0
Spellcasting   | |  2.0

Action                   |  1- 3 |  4- 6 || total
-------------------------+-------+-------++-------
Melee: Short sword       |   149 |    28 ||   177
       Unarmed           |     7 |     5 ||    12
       Tailslap          |    13 |     4 ||    17
       Kick              |     5 |       ||     5
       Headbutt          |     3 |       ||     3
 Cast: Beastly Appendage |     4 |       ||     4
       Spider Form       |       |     1 ||     1
  Use: Scroll            |     3 |     4 ||     7
       Potion            |     1 |       ||     1
Armor: Skin              |    66 |     7 ||    73
Dodge: Dodged            |    88 |    20 ||   108
Block: Buckler           |    11 |     3 ||    14
